 Dungeon Crawl Stone Soup version 0.24-a0-506-g958ff8eaa0 (webtiles) character file.

Game seed: 16011513370197671682

114 Bapho the Poker (level 4, -3/34 HPs)
             Began as a Merfolk Gladiator on July 18, 2019.
             Slain by a killer bee (4 damage)
             ... on level 3 of the Dungeon.
             The game lasted 00:04:40 (2156 turns).

Bapho the Poker (Merfolk Gladiator)                 Turns: 2156, Time: 00:04:42

Health: -3/34      AC:  4    Str: 13 (14) XL:     4   Next: 98%
Magic:  4/4        EV: 14    Int:  4 (7)  God:
Gold:   85         SH:  0    Dex: 13 (16) Spells: 3/3 levels left

rFire    . . .     SeeInvis .   a - +0 trident
rCold    . . .     Gourm    .   (no shield)
rNeg     . . .     Faith    .   b - +0 leather armour
rPois    .         Spirit   .   c - +0 helmet
rElec    .         Reflect  .   (no cloak)
rCorr    .         Harm     .   (no gloves)
MR       .....                  (no boots)
Stlth    +.........             (no amulet)
HPRegen  0.11/turn              (no ring)
MPRegen  0.09/turn              (no ring)

@: lethally poisoned (-3 -> -16), flying
A: change form in water, swift swim, stealthy swim
a: no special abilities


You were on level 3 of the Dungeon.
You were not hungry.

You visited 1 branch of the dungeon, and saw 3 of its levels.

You collected 85 gold pieces.

Inventory:

Hand Weapons
 a - a +0 trident (weapon)
Missiles
 g - 2 throwing nets
 h - 52 stones (quivered)
Armour
 b - a +0 leather armour (worn)
 c - a +0 helmet (worn)
Jewellery
 j - an uncursed ring of protection from magic {unknown}
Scrolls
 k - a scroll of teleportation {unknown}
 m - 2 scrolls of remove curse {unknown}
 n - a scroll of fear {unknown}
 o - a scroll of identify {unknown}
 p - a scroll of amnesia {unknown}
 q - 4 scrolls of magic mapping {unknown}
 s - 2 scrolls of immolation
 t - 2 scrolls of blinking {unknown}
Potions
 e - 2 potions of curing
 l - a potion of degeneration
Comestibles
 f - 7 rations


   Skills:
 + Level 2.6 Fighting
 + Level 6.0 Polearms
 + Level 2.9 Throwing
 + Level 0.6 Armour
 + Level 4.7 Dodging
 + Level 0.4 Stealth


You had 3 spell levels left.
You didn't know any spells.
Your spell library was empty.

Dungeon Overview and Level Annotations

Branches:
Dungeon (3/15)

Altars:
Hepliaklqana

Annotations:
D:3 stripedtigrrr's ghost, amateur MiBe


Message History

The killer bee stings you but does no damage.
You barely miss the killer bee.
The killer bee is moderately wounded.
The killer bee closely misses you. x2
You puncture the killer bee!
The killer bee is almost dead.
The killer bee stings you.
* * * LOW HITPOINT WARNING * * *
You are lethally poisoned!
The killer bee poisons you!
Stripedtigrrr's ghost shrieks, "You must not fail where I succeeded!"
The killer bee closely misses you.
You barely miss the killer bee.
The killer bee is almost dead.
* * * LOW HITPOINT WARNING * * *
You feel sick. The killer bee stings you.
* * * LOW HITPOINT WARNING * * *
You are more poisoned.
The killer bee poisons you! The killer bee stings you.
You die...

..#.#..# .....#.# .....#.##
## .##.....# #.##
........############...####
#.#..............##..(.(...
.........###.##...)......#
.........# #.....#####....#
...>.....# #.##.@#§§ .##
......#......##..yW§
......#.##.#####.#§§
......#.# .# #.### ..##.##.
..# )....## #.# ....... ##.
.#####. # .#


You could see a killer bee and stripedtigrrr's ghost.

Vanquished Creatures
  3 adders
  An ooze (D:2)
  2 worms (D:2)
  3 dart slugs (D:1)
  5 leopard geckos
  2 giant cockroaches
  5 goblins
  12 hobgoblins
  8 jackals
  6 kobolds
  2 bats (D:2)
  4 frilled lizards
  12 rats
65 creatures vanquished.

Notes
Turn   | Place    | Note
-------+----------+-------------------------------------------
     0 | D:1      | Bapho the Merfolk Gladiator began the quest for the Orb.
     0 | D:1      | Reached XP level 1. HP: 16/16 MP: 1/1
    34 | D:1      | Reached XP level 2. HP: 18/22 MP: 2/2
   274 | D:1      | Reached skill level 5 in Polearms
   311 | D:1      | Reached XP level 3. HP: 18/28 MP: 3/3
   960 | D:2      | Reached XP level 4. HP: 34/34 MP: 4/4
  1949 | D:2      | Found a hazy altar of Hepliaklqana.
  2077 | D:3      | Reached skill level 6 in Polearms
  2127 | D:3      | Found a runed translucent door.
  2131 | D:3      | Noticed stripedtigrrr's ghost (amateur MiBe)
  2156 | D:3      | HP: 1/34 [killer bee (4)]
  2156 | D:3      | Slain by a killer bee

Levels and vault maps discovered:
D:1:      psy_arrival_conway, layout_rooms
D:2:      layout_loops_ring, lemuel_round_altar, minmay_stone_trees_small,
          serial_park_tiny_2, minmay_misc_feat_nine_boxes, serial_bayou_lagoon_b
D:3:      layout_loops_ring, overflow_temple_1_default,
          ebering_ghost_inner_flame, first_ration

Skill      XL: |  1  2  3  4 |
---------------+-------------+-----
Polearms       | 5 6 |  6.0
Fighting       | |  2.6
Throwing       | |  2.9
Armour         | |  0.6
Dodging        | |  4.7
Stealth        | |  0.4

Action                   |  1- 3 |  4- 6 || total
-------------------------+-------+-------++-------
Melee: Trident           |   112 |    67 ||   179
Throw: Throwing net      |     3 |       ||     3
       Stone             |    54 |    53 ||   107
  Use: Potion            |       |     5 ||     5
 Stab: Sleeping          |     1 |     1 ||     2
  Eat: Chunk             |       |     4 ||     4
Armor: Leather armour    |    25 |     5 ||    30
Dodge: Dodged            |    65 |    38 ||   103

Table legend:
 A = Non-vault XP
 B = Vault XP
 C = Vault XP percentage of total XP
 D = Non-vault monster count
 E = Vault monster count
 F = Vault count percentage of total count
                 A         B        C        D         E       F
            +---------+---------+-------+---------+---------+-------
      Total |     164 |       0 |   0.0 |      65 |       0 |   0.0
            +---------+---------+-------+---------+---------+-------
        D:1 |      68 |       0 |   0.0 |      34 |       0 |   0.0
        D:2 |      72 |       0 |   0.0 |      23 |       0 |   0.0
        D:3 |      24 |       0 |   0.0 |       8 |       0 |   0.0
            +---------+---------+-------+---------+---------+-------
